 Dungeon Crawl Stone Soup version 0.24.0-123-gd5b16e6ec5 (webtiles) character file.

Game seed: 8142481919730847124, levelgen mode: deterministic

28 eccles the Skirmisher (level 2, -5/24 HPs)
             Began as a Demonspawn Abyssal Knight on Jan 16, 2020.
             Was a Follower of Lugonu.
             Slain by a worm (9 damage)
             ... on level 2 of the Dungeon on Jan 17, 2020.
             The game lasted 00:05:37 (707 turns).

eccles the Skirmisher (Demonspawn Abyssal Knight)    Turns: 707, Time: 00:05:37

Health: -5/24      AC:  4    Str: 12    XL:     2   Next: 96%
Magic:  3/3        EV: 11    Int:  9    God:    Lugonu [*.....]
Gold:   32         SH:  0    Dex: 12    Spells: 1/1 levels left

rFire    . . .     SeeInvis .   a - +1 falchion
rCold    . . .     Gourm    .   (no shield)
rNeg     . . .     Faith    .   b - +0 leather armour
rPois    .         Spirit   .   n - +0 helmet
rElec    .         Reflect  .   (no cloak)
rCorr    .         Harm     .   (no gloves)
MR       .....                  (no boots)
Stlth    +.........             (no amulet)
HPRegen  0.08/turn              (no ring)
MPRegen  0.08/turn              (no ring)

@: no status effects
A: [dopey 2], powered by pain 1
a: Depart the Abyss, Renounce Religion


You were on level 2 of the Dungeon.
You worshipped Lugonu.
Lugonu was aware of your devotion.
You were not hungry.

You visited 1 branch of the dungeon, and saw 2 of its levels.
You visited the Abyss 1 time.

You collected 32 gold pieces.

Inventory:

Hand Weapons
 a - a +1 falchion (weapon)
 r - a cursed -3 mace
Missiles
 f - 41 bolts
 p - 20 poisoned darts (quivered)
Armour
 b - a +0 leather armour (worn)
 n - a +0 helmet (worn)
Scrolls
 e - a scroll of enchant armour {unknown}
 i - a scroll of blinking {unknown}
 j - a scroll of noise {unknown}
 l - 2 scrolls of teleportation {unknown}
 m - 2 scrolls of identify {unknown}
 q - a scroll of fog {unknown}
Potions
 d - a potion of ambrosia {unknown}
 g - a potion of lignification {unknown}
 k - a potion of agility {unknown}
 o - a potion of heal wounds {unknown}
Comestibles
 c - a ration
 h - 4 chunks of flesh


   Skills:
 * Level 3.4 Fighting
 * Level 2.2 Long Blades
 * Level 2.2 Armour
 + Level 1.0 Dodging
 + Level 2.6 Invocations


You had one spell level left.
You didn't know any spells.
Your spell library was empty.

Dungeon Overview and Level Annotations

Branches:
Dungeon (2/15)

Altars:
Ashenzari


Innate Abilities, Weirdness & Mutations

You sometimes gain a little power by taking damage.
[You are very dopey. (Int -4)]


Message History

There is an open door here.
m - 2 scrolls labeled RAJYZI TERUUB (gained 1)
f - 30 bolts (gained 14)
f - 41 bolts (gained 11)
You now have 32 gold pieces (gained 18).
Found a stone staircase leading down.
Found an escape hatch in the ceiling.
Found a stone staircase leading up.
There is a stone staircase leading down here.
There is an open door here.
A worm comes into view.
Found a knobbly cabochon ring.
A worm comes into view.
Found a white potion.
The worm bites you!
You slash the worm!
The worm is heavily wounded.
You hit the worm but do no damage. The worm bites you!
* * * LOW HITPOINT WARNING * * *
The worm bites you!
You die...

....... ....!..
....... ......##
#....=# #.....#
##...ww##
#.....@.#
#.......#
#.......#
#.......#
.########.......#
..<<...>#.#####.#
.######.#.......#
#.#.......######
#.#.####'##.....


You could see 2 worms.

Vanquished Creatures
  An ooze (D:1)
  2 dart slugs (D:1)
  2 giant cockroaches (D:1)
  3 goblins (D:1)
  2 hobgoblins (D:1)
  2 jackals (D:1)
  A ball python (D:1)
  2 frilled lizards (D:1)
  4 rats (D:1)
19 creatures vanquished.

Notes
Turn   | Place    | Note
-------+----------+-------------------------------------------
     0 | Abyss:1  | eccles the Demonspawn Abyssal Knight began the quest for
                  | the Orb.
     0 | Abyss:1  | Reached XP level 1. HP: 18/18 MP: 2/2
    58 | Abyss:1  | Noticed a wretched star
    66 | D:1      | Escaped the Abyss
   238 | D:1      | Gained mutation: You sometimes gain a little power by
                  | taking damage. [demonic ancestry]
   238 | D:1      | Reached XP level 2. HP: 20/24 MP: 3/3
   277 | D:1      | Reached * piety under Lugonu
   537 | D:1      | Found a shattered altar of Ashenzari.
   557 | D:1      | Reached skill level 1 in Dodging
   707 | D:2      | Slain by a worm

Levels and vault maps discovered:
D:1:      giann_forest_graveyard, layout_basic, minmay_misc_feat_chi,
          ashenzari_altar_1
D:2:      layout_basic, bloody_makhleb,
          nicolae_gozag_cash_rules_everything_around_me

Skill      XL: |  1  2 |
---------------+-------+-----
Long Blades    | 2 |  2.2
Armour         | 2 |  2.2
Dodging        | 1 |  1.0
Fighting       | |  3.4
Invocations    | |  2.6

Action                   || total
-------------------------++-------
Melee: Falchion          ||    58
Invok: Depart the Abyss  ||     1
Armor: Leather armour    ||    17
Dodge: Dodged            ||    36
       Rpst.: Falchion   ||    15
